 Dungeon Crawl Stone Soup version 0.32-a0-996-gb3226c233f (webtiles) character file.

Game seed: 10839074453592676363

1059 GiantSquids the Grappler (level 8, -2/52 HPs)
             Began as an Octopode Berserker on Apr 24, 2024.
             Was a Priest of Trog.
             Succumbed to Heh's ghost's poison
             ... on level 4 of the Dungeon.
             The game lasted 00:09:12 (2991 turns).

GiantSquids the Grappler (Octopode Berserker)       Turns: 2991, Time: 00:09:12

Health: -2/52      AC:  2    Str: 18    XL:     8   Next: 27%
Magic:  8/8        EV: 12    Int: 10    God:    Trog [***...]
Gold:   166        SH:  0    Dex: 11    Spells: 7/7 levels left

rFire   . .          .
                       - Unarmed
rCold   . . .        (no shield)
rNeg    . . .        e - +1 hat
rPois   .            (no amulet)
rElec   .            (no ring)
rCorr   .            (no ring)
SInv    .            (no ring)
Will    .....        (no ring)
Stlth   +++          (no ring)
HPRegen 0.28/turn    (no ring)
MPRegen 0.11/turn    (no ring)
                     (no ring)

%: no passive effects
@: lethally poisoned (-2 -> -16), on berserk cooldown, slowed, very slow
A: almost no armour, amphibious, 8 rings, camouflage 1, gelatinous body 1,
(nimble swimmer 1), tentacles
a: Renounce Religion, Berserk, Trog's Hand


You were on level 4 of the Dungeon.
You worshipped Trog.
Trog was most pleased with you.
You visited 1 branch of the dungeon, and saw 4 of its levels.

You collected 166 gold pieces.

Inventory:

Missiles
 q - 6 poisoned darts (quivered)
Armour
 e - a +1 hat (worn)
Jewellery
 o - an amulet of the acrobat
Wands
 s - a wand of light (3)
Scrolls
 d - 2 scrolls of fog {unknown}
 f - a scroll of amnesia {unknown}
 h - a scroll of blinking {unknown}
 i - 3 scrolls of identify {unknown}
 n - a scroll of enchant weapon {unknown}
 p - a scroll of teleportation {unknown}
 r - a scroll of noise {unknown}
Potions
 a - 3 potions of haste {unknown}
 b - 2 potions of curing {unknown}
 c - a potion of invisibility {unknown}
 g - a potion of brilliance {unknown}
 j - a potion of enlightenment {unknown}
 k - 3 potions of mutation {unknown}
 l - a potion of magic {unknown}
 m - 3 potions of heal wounds {unknown}


   Skills:
 - Level 3.0 Fighting
 - Level 3.0 Dodging
 - Level 3.5 Stealth
 * Level 9.6 Unarmed Combat


You had 7 spell levels left.
You didn't know any spells.
Your spell library was empty.

Dungeon Overview and Level Annotations

Branches:
Dungeon (4/15)
 Temple: D:4-7

Altars:
Elyvilon
Gozag
Okawaru
Ru

Annotations:
D:4 1 runed translucent door, Crazy Yiuf


Innate Abilities, Weirdness & Mutations

You cannot wear most types of armour.
You are amphibious.
You can wear up to eight rings at the same time.
Your skin changes colour to match your surroundings (Stealth+).
Your rubbery body absorbs attacks. (AC +1, EV +1)
((You are camouflaged when in or above water. (Stealth+)))
You have tentacles for arms and can constrict up to eight enemies at once.


Message History

Heh's ghost is almost destroyed.
* * * LOW HITPOINT WARNING * * *
You feel very sick.
Heh's ghost shouts, "Very impressive.
But it won't help.
Nothing will."
Heh's ghost misses you.
You miss Heh's ghost.
Heh's ghost is almost destroyed.
* * * LOW HITPOINT WARNING * * *
You feel very sick.
You bludgeon Heh's ghost!
You destroy Heh's ghost!
Trog accepts your kill.
Trog appreciates your killing of a magic user.
* * * LOW HITPOINT WARNING * * *
You feel very sick.
Your Unarmed Combat skill increases to level 8!
You have reached level 8!
You are too berserk!
You bludgeon dogverified's ghost!
Your squeeze misses dogverified's ghost.
Dogverified's ghost is moderately damaged.
* * * LOW HITPOINT WARNING * * *
You feel sick.
You bludgeon dogverified's ghost! You squeeze dogverified's ghost!!
Dogverified's ghost is almost destroyed.
* * * LOW HITPOINT WARNING * * *
You feel sick.
You batter dogverified's ghost!!
You destroy dogverified's ghost!
Trog accepts your kill.
* * * LOW HITPOINT WARNING * * *
You feel sick.
Your Unarmed Combat skill increases to level 9!
* * * LOW HITPOINT WARNING * * *
You feel very sick.
You feel a strong urge to attack something.
You are no longer berserk.
You are exhausted.
You feel yourself slow down.
You die...

#.<..#.....>.....÷.......##.
####.#.......#..##.#)....##.
#.####.#.##...#.#.....##.
#.#.............#.....'..
#.#.##.#.###.#..#.....##.
#............#........##.
###.....###..............
#......##..............
#.....@##..............
##...#.##.........)....
#...#.##..............
#.........######.....#
###.......#♣⌠♣.##.....
#.......#....ß##....
#.......#.....)#....
#.......'.....♣#....
#.......'.....⌠#....


There were no monsters in sight!

Vanquished Creatures
  The ghost of Heh the Trooper, a novice OpHW (D:4)
  The ghost of dogverified the Insei, an amateur MfSh (D:4)
  Sigmund (D:2)
  A phantom (D:4)
  2 jellies (D:4)
  An orc priest (D:3)
  An iguana (D:4)
  Robin (D:3)
  4 adders
  3 dart slugs
  4 orcs
  6 ball pythons
  12 endoplasms
  3 giant cockroaches
  13 hobgoblins
  4 jackals (D:1)
  5 quokkas
  6 bats
  5 frilled lizards
  15 goblins
  13 kobolds
  5 rats
107 creatures vanquished.

Notes
Turn   | Place    | Note
-------+----------+-------------------------------------------
     0 | D:1      | GiantSquids the Octopode Berserker began the quest for the
                  | Orb.
     0 | D:1      | Reached XP level 1. HP: 16/16 MP: 1/1
    90 | D:1      | Reached skill level 1 in Stealth
    93 | D:1      | Reached XP level 2. HP: 14/21 MP: 2/2
   338 | D:1      | Reached XP level 3. HP: 23/26 MP: 3/3
   340 | D:1      | Reached ** piety under Trog
   433 | D:1      | Reached skill level 4 in Unarmed Combat
   858 | D:2      | Noticed Sigmund
   866 | D:2      | Killed Sigmund
   867 | D:2      | Reached skill level 5 in Unarmed Combat
   867 | D:2      | Reached XP level 4. HP: 17/31 MP: 4/4
   867 | D:2      | Reached XP level 5. HP: 20/36 MP: 5/5
  1484 | D:3      | Noticed Robin
  1492 | D:3      | Reached XP level 6. HP: 42/42 MP: 6/6
  1493 | D:3      | Reached skill level 6 in Unarmed Combat
  1628 | D:3      | Killed Robin
  1781 | D:3      | Reached *** piety under Trog
  1962 | D:3      | Found a white marble altar of Elyvilon.
  2124 | D:3      | Found a sacrificial altar of Ru.
  2193 | D:4      | Found a runed translucent gate.
  2195 | D:4      | Found a runed translucent gate.
  2196 | D:4      | Found a runed translucent gate.
  2199 | D:4      | Noticed Heh's ghost (novice OpHW)
  2199 | D:4      | Noticed dogverified's ghost (amateur MfSh)
  2393 | D:4      | Found an opulent altar of Gozag.
  2446 | D:4      | Reached skill level 7 in Unarmed Combat
  2446 | D:4      | Reached XP level 7. HP: 29/46 MP: 7/7
  2830 | D:4      | Found a runed translucent door.
  2831 | D:4      | Noticed Crazy Yiuf
  2898 | D:4      | Found an iron altar of Okawaru.
  2986 | D:4      | Killed Heh's ghost
  2987 | D:4      | Reached skill level 8 in Unarmed Combat
  2987 | D:4      | Reached XP level 8. HP: 9/52 MP: 8/8
  2989 | D:4      | Killed dogverified's ghost
  2990 | D:4      | Reached skill level 9 in Unarmed Combat
  2990 | D:4      | HP: 1/78 [poisoned by Heh's ghost]
  2991 | D:4      | Succumbed to Heh's ghost's poison

Illustrated notes

Levels and vault maps discovered:
D:1:      sevenhm_arrival_forest_fort_small_3, layout_rooms,
          minmay_strange_pillars
D:2:      layout_basic, uniq_sigmund
D:3:      layout_rooms, nicolae_ru_the_path_less_chosen,
          nicolae_elyvilon_temple_path, uniq_robin
D:4:      layout_basic, mainiacjoe_overflow_catwalk,
          mainiacjoe_overflow_alcove_2, gammafunk_ghost_cemetery,
          uniq_crazy_yiuf_cottage

Skill      XL: |  1  2  3  4  5  6  7  8 |
---------------+-------------------------+-----
Stealth        | 1 2 3 |  3.5
Unarmed Combat | 5 7 8 9 |  9.6
Fighting       | |  3.0
Dodging        | |  3.0

Action                     |  1- 3 |  4- 6 |  7- 9 || total
---------------------------+-------+-------+-------++-------
  Melee: Unarmed           |    74 |    88 |    22 ||   184
         Constrict         |    18 |    21 |     2 ||    41
         Tentacles         |    13 |    13 |     4 ||    30
         Punch             |     3 |     6 |     2 ||    11
 Invoke: Berserk           |       |     1 |     1 ||     2
   Stab: Sleeping          |     9 |    10 |     1 ||    20
 Armour: Skin              |    23 |    51 |     9 ||    83
  Dodge: Dodged            |    34 |    66 |     6 ||   106

Table legend: (Time is in decaauts)
 A = Elapsed time spent in this place.
 B = Non-inter-level travel time spent in this place.
 C = Inter-level travel time spent in this place.
 D = Time resting spent in this place.
 E = Time spent auto-exploring this place.
 F = Levels seen in this place.
 G = Mean time per level.
                   A        B        C        D        E       F      G
               +--------+--------+--------+--------+--------+-----+--------+
         Total |   2978 |   2911 |     67 |    125 |   2097 |   4 |  744.5 |
       Dungeon |   2978 |   2911 |     67 |    125 |   2097 |   4 |  744.5 |
               +--------+--------+--------+--------+--------+-----+--------+

Top non-repeatable levels by time:
     D:2: 945 daAuts
     D:4: 800 daAuts
     D:1: 667 daAuts
     D:3: 564 daAuts
